 Dungeon Crawl Stone Soup version 0.31.0-11-ge490571c62 (webtiles) character file.

Game seed: 520133060352518904

79 Ashen the Grave Robber (level 4, -1/32 HPs)
             Began as a Mummy Necromancer on Feb 3, 2024.
             Slain by a gnoll bouda
             ... wielding a +0 whip
              (7 damage)
             ... on level 2 of the Dungeon.
             The game lasted 00:07:06 (1997 turns).

Ashen the Grave Robber (Mummy Necromancer)          Turns: 1997, Time: 00:07:07

Health: -1/32      AC:  2    Str: 11    XL:     4   Next: 17%
Magic:  1/9        EV: 12    Int: 16    God:
Gold:   144        SH:  0    Dex: 12    Spells: 5/9 levels left

rFire   x . .        (no weapon)
rCold   + . .        (no shield)
rNeg    + + +        a - +0 robe
rPois   ∞            (no helmet)
rElec   .            (no cloak)
rCorr   .            (no gloves)
SInv    .            (no boots)
Will    .....        (no amulet)
Stlth   ++           (no ring)
HPRegen 0.25/turn    (no ring)
MPRegen 0.11/turn

%: faith
@: weakened
A: cold resistance 1, negative energy resistance 3, torment resistance 2, heat
vulnerability 1, in touch with death 1, no potions, faith
a: no special abilities


You were on level 2 of the Dungeon.
You visited 1 branch of the dungeon, and saw 3 of its levels.

You collected 144 gold pieces.

Inventory:

Hand Weapons
 d - a +0 short sword
Missiles
 b - 8 atropa-tipped darts
Armour
 a - a +0 robe (worn)
Jewellery
 g - an amulet of reflection
Scrolls
 c - a scroll of identify {unknown}
 e - 3 scrolls of teleportation {unknown}
 f - a scroll of amnesia {unknown}
 h - a scroll of torment {unknown}


   Skills:
 + Level 1.5 Fighting
 + Level 2.1 Dodging
 + Level 2.2 Stealth
 + Level 3.4 Spellcasting
 + Level 4.3 Necromancy


You had 5 spell levels left.
You knew the following spells:

 Your Spells              Type           Power      Damage    Failure   Level
a - Necrotise             Necr           100%       1d9       3%          1
b - Vampiric Draining     Necr           25%        2d7       9%          3

Your spell library contained the following spells:

 Spells                   Type           Power      Damage    Failure   Level
 Animate Dead             Necr           25%        N/A       30%         4
 Curse of Agony           Necr           25%        N/A       63%         5


Dungeon Overview and Level Annotations

Branches:
Dungeon (3/15)

Altars:

Shops:
D:1 =

Annotations:
D:3 Grinder


Innate Abilities, Weirdness & Mutations

You are immune to poison.
Your flesh is cold resistant. (rC+)
You are immune to negative energy. (rN+++)
You are immune to unholy pain and torment.
You are vulnerable to heat. (rF-)
You are in touch with the powers of death.
You do not drink.
You have a special connection with the divine. (Faith)


Message History

You feel a surge of power!
The gnoll bouda writhes in agony.
The gnoll bouda completely misses you.
You hit the gnoll bouda but do no damage.
The gnoll bouda is heavily wounded.
The gnoll bouda hits you with a +0 whip!
* * * LOW HITPOINT WARNING * * *
You closely miss the gnoll bouda.
The gnoll bouda is heavily wounded.
The gnoll bouda barely misses you.
Your magical contamination has completely faded away.
You hit the gnoll bouda but do no damage.
The gnoll bouda is heavily wounded.
The gnoll is no longer moving quickly.
The gnoll bouda barely misses you.
You can't drink.
You barely miss the gnoll bouda.
The gnoll bouda is heavily wounded.
The gnoll bouda gazes fiercely through you!
You feel your attacks grow feeble.
The gnoll bouda hits you with a +0 whip.
* * * LOW HITPOINT WARNING * * *
You barely miss the gnoll bouda.
The gnoll bouda is heavily wounded.
The gnoll bouda barks out a call to the hunt!
The gnoll picks up the pace!
You hit the gnoll bouda but do no damage.
The gnoll bouda is heavily wounded.
The gnoll bouda misses you.
You hit the gnoll bouda but do no damage.
The gnoll bouda is heavily wounded.
The gnoll bouda barely misses you.
You hit the gnoll bouda but do no damage.
The gnoll bouda is heavily wounded.
The gnoll bouda completely misses you.
You hit the gnoll bouda but do no damage.
The gnoll bouda is heavily wounded.
Your attacks no longer feel as feeble.
The gnoll bouda gazes fiercely through you!
You feel your attacks grow feeble.
The gnoll bouda hits you with a +0 whip!
You die...

######...................#......#
##..........#..............._...#
.#.......#..##..................#
.........#.............##.......#
............######..#.[.........#
..####.............##...........#
..####......................!...#
..##...........#####>####.......#
.......#..†...#.@gg.....>........
..###..#<.....#.####...........).
..# #.##........# ######.......#
..###......##.### ##.#.####
...#....#####.############.......
........#####.##.....#.....#.....
.##......<.##.#.............###..
..#.....##.................).##..
#.#.....#####................##..


You could see a gnoll bouda and a gnoll (swift).

Vanquished Creatures
  2 gnolls (D:3)
  2 dart slugs (D:2)
  2 ribbon worms
  5 ball pythons
  8 endoplasms
  4 giant cockroaches
  3 goblins
  4 hobgoblins
  5 bats
  2 frilled lizards
  5 kobolds
  4 rats
46 creatures vanquished.

Vanquished Creatures (collateral kills)
  A ball python (D:2)
  A bat (D:1)
  A goblin (D:1)
3 creatures vanquished.

Grand Total: 49 creatures vanquished

Notes
Turn   | Place    | Note
-------+----------+-------------------------------------------
     0 | D:1      | Ashen the Mummy Necromancer began the quest for the Orb.
     0 | D:1      | Reached XP level 1. HP: 13/13 MP: 4/4
    32 | D:1      | You fall into a shaft and drop 1 floor!
   194 | D:2      | Reached XP level 2. HP: 17/20 MP: 0/5
   430 | D:1      | Found Ephohoh's Jewellery Shoppe.
   711 | D:1      | Reached skill level 1 in Fighting
   803 | D:1      | Reached XP level 3. HP: 26/26 MP: 5/7
  1774 | D:3      | Noticed Grinder
  1947 | D:3      | Reached XP level 4. HP: 32/32 MP: 3/9
  1975 | D:3      | Learned a level 3 spell: Vampiric Draining
  1997 | D:2      | Slain by a gnoll bouda

Illustrated notes

Levels and vault maps discovered:
D:1:      saegor_arrival_simple_e, layout_basic, serial_shops,
          nicolae_shop_trees, serial_bayou_lagoon_a
D:2:      layout_rooms, basic_altar, minmay_pentomino_pile
D:3:      layout_rooms, gammafunk_ghost_icy, uniq_grinder

Skill      XL: |  1  2  3 |
---------------+----------+-----
Spellcasting   | 3 |  3.4
Fighting       | 1 |  1.5
Stealth        | 2 |  2.2
Dodging        | 2 |  2.1
Necromancy     | |  4.3

Action                     |  1- 3 |  4- 6 || total
---------------------------+-------+-------++-------
  Melee: Unarmed           |     4 |     9 ||    13
   Cast: Necrotise         |   100 |     2 ||   102
         Vampiric Draining |       |     1 ||     1
 Armour: Robe              |    27 |     9 ||    36
  Dodge: Dodged            |    15 |    14 ||    29
